 Dungeon Crawl Stone Soup version 0.31-a0-149-g3fdcc5976a (webtiles) character file.

Game seed: 93258132033443599

116 qw the Shooter (level 4, -3/40 HPs)
             Began as a Minotaur Hunter on June 7, 2023.
             Killed by divine providence
             ... invoked by an orc priest
              (14 damage)
             ... on level 3 of the Dungeon.
             The game lasted 00:00:42 (1968 turns).

qw the Shooter (Minotaur Hunter)                    Turns: 1968, Time: 00:00:42

Health: -3/40      AC:  5    Str: 16    XL:     4   Next: 70%
Magic:  3/3        EV: 11    Int:  6    God:
Gold:   91         SH:  0    Dex: 15    Spells: 3/3 levels left

rFire   . . .        c - +0 orcbow
rCold   . . .        (shield currently unavailable)
rNeg    . . .        a - +0 ring mail
rPois   .            (helmet restricted)
rElec   .            (no cloak)
rCorr   .            (no gloves)
SInv    .            (no boots)
Will    .....        (no amulet)
Stlth   +            (no ring)
HPRegen 0.26/turn    (no ring)
MPRegen 0.08/turn

%: no passive effects
@: no status effects
A: horns 2, retaliatory headbutt
a: no special abilities


You were on level 3 of the Dungeon.
You visited 1 branch of the dungeon, and saw 3 of its levels.

You collected 91 gold pieces.


Innate Abilities, Weirdness & Mutations

You have a pair of horns on your head.
You reflexively headbutt those who attack you in melee.


   Skills:
 + Level 3.7 Fighting
 - Level 6.1 Ranged Weapons
 - Level 1.0 Armour
 - Level 2.1 Dodging
 - Level 0.7 Stealth


You had 3 spell levels left.
You didn't know any spells.
Your spell library was empty.

Inventory:

Hand Weapons
 c - a +0 orcbow (weapon)
Armour
 a - a +0 ring mail (worn)
Scrolls
 h - a scroll of magic mapping {unknown}
Potions
 b - a potion of might {unknown}
 d - a potion of curing {unknown}
 e - a potion of magic {unknown}
 f - a potion of degeneration {unknown}
 g - a potion of lignification {unknown}

Dungeon Overview and Level Annotations

Branches:
Dungeon (3/15)

Altars:


Message History

The orc priest closely misses you. The orc hits you with a +0 hand axe.
The orc priest miscasts a cantrip.
The orc closely misses you. You furiously retaliate!
You headbutt the orc. You shoot an arrow. The arrow hits the orc.
You kill the orc!
You shoot an arrow.
The arrow hits the orc priest but does no damage.
The orc priest is moderately wounded.
The orc priest invokes the aid of Beogh against you.
You barely resist. You shoot an arrow. The arrow hits the orc priest.
The orc priest is moderately wounded.
The orc priest hits you with a +0 hand axe.
The orc barely misses you. You furiously retaliate!
You headbutt the orc, but do no damage.
The orc priest hits you but does no damage.
The orc hits you with a +0 club.
You shoot an arrow.
The arrow closely misses the orc priest.
The orc priest hits you with a +0 hand axe.
The orc hits you but does no damage.
You shoot an arrow. The arrow barely misses the orc priest.
The orc hits you with a +0 club. The orc priest barely misses you.
You shoot an arrow.
The arrow closely misses the orc priest.
The orc priest hits you with a +0 hand axe.
The orc barely misses you. You furiously retaliate!
You headbutt the orc. You shoot an arrow. The arrow closely misses the orc.
The orc priest begins to cast a cantrip, but forgets the words!
The orc barely misses you.
The orc priest hits you with a +0 hand axe.
The orc hits you with a +0 club.
You shoot an arrow. The arrow hits the orc.
You kill the orc!
The orc priest hits you with a +0 hand axe.
Your Armour skill increases to level 1!
You shoot an arrow. The arrow barely misses the orc priest.
The orc priest calls down the wrath of Beogh upon you.
Beogh smites you!
You die...

#.# #.#
#.####
#....#
####.#
#.########
#........#
#####....#
#..@o#
####)# .#
.. ...
.... ...##
...#


You could see an orc priest.

Vanquished Creatures
  An adder (D:2)
  4 gnolls (D:2)
  2 worms
  3 dart slugs (D:1)
  2 orcs (D:3)
  4 endoplasms
  3 giant cockroaches
  A goblin (D:1)
  3 hobgoblins
  4 jackals (D:2)
  2 quokkas (D:1)
  7 ball pythons
  5 bats
  2 frilled lizards (D:1)
  7 kobolds (D:1)
  8 rats
58 creatures vanquished.

Notes
Turn   | Place    | Note
-------+----------+-------------------------------------------
     0 | D:1      | qw the Minotaur Hunter began the quest for the Orb.
     0 | D:1      | Reached XP level 1. HP: 18/18 MP: 0/0
     0 | D:1      | 0 ||| qw: Version: 0.2-a-117-gc6b5c8b
     0 | D:1      | 0 ||| qw: Game counter: 2691
     0 | D:1      | 0 ||| qw: Always use a shield: true
     0 | D:1      | 0 ||| qw: God list: Okawaru
     0 | D:1      | 0 ||| qw: Allow faded altars: false
     0 | D:1      | 0 ||| qw: Do Orc after D:15 true
     0 | D:1      | 0 ||| qw: Do second Lair branch before Depths: true
     0 | D:1      | 0 ||| qw: Lair rune preference: random
     0 | D:1      | 0 ||| qw: Plans: Normal
     0 | D:1      | 0 ||| PLANNING D:1-11
   279 | D:1      | Reached skill level 5 in Ranged Weapons
   279 | D:1      | Reached XP level 2. HP: 25/25 MP: 1/1
   430 | D:1      | Reached skill level 3 in Fighting
   564 | D:1      | 564 ||| Stepping ~*~*~tactically~*~*~ (outnumbered).
   566 | D:1      | 566 ||| Stepping ~*~*~tactically~*~*~ (outnumbered).
   573 | D:1      | Reached XP level 3. HP: 31/31 MP: 2/2
   581 | D:1      | 581 ||| FLEEEEING.
   582 | D:1      | 582 ||| FLEEEEING.
   583 | D:1      | 583 ||| FLEEEEING.
   584 | D:1      | 584 ||| FLEEEEING.
   585 | D:1      | 585 ||| FLEEEEING.
   586 | D:1      | 586 ||| FLEEEEING.
   587 | D:1      | 587 ||| FLEEEEING.
   588 | D:1      | 588 ||| FLEEEEING.
   873 | D:1      | 873 ||| DROPPING ring of magical power.
   874 | D:1      | 874 ||| READING scroll labelled WOUPRUA WEWAE.
   875 | D:1      | 875 ||| DRINKING 2 bubbling grey potions.
   876 | D:1      | 876 ||| DROPPING scroll of butterflies.
   877 | D:1      | 877 ||| DROPPING potion of brilliance.
   957 | D:2      | 957 ||| Stepping ~*~*~tactically~*~*~ (outnumbered).
   966 | D:2      | Reached XP level 4. HP: 31/38 MP: 3/3
   969 | D:2      | HP: 4/38 [gnoll/+0 halberd (8)]
   971 | D:2      | Reached skill level 6 in Ranged Weapons
  1607 | D:2      | Found a faded altar of an unknown god.
  1635 | D:2      | 1635 ||| UPGRADING to +0 ring mail.
  1645 | D:2      | 1645 ||| DROPPING +0 leather armour.
  1776 | D:3      | HP: 7/40 [worm (6)]
  1922 | D:3      | 1922 ||| SWAPPING to +0 orcbow.
  1924 | D:3      | 1924 ||| DROPPING +0 shortbow.
  1967 | D:3      | HP: 10/40 [orc priest/+0 hand axe (5)]
  1968 | D:3      | Reached skill level 1 in Armour
  1968 | D:3      | Killed from afar by an orc priest

Levels and vault maps discovered:
D:1:      dpeg_arrival_arbitrary_c, layout_basic, lexackson_kobold_supper
D:2:      layout_loops_ring, hellmonk_ecumenical_altar_inner_sanctum
D:3:      minmay_chambers_of_threes, layout_basic, fountainhead

Skill      XL: |  1  2  3  4 |
---------------+-------------+-----
Ranged Weapons | 5 6 |  6.1
Fighting       | 3 |  3.7
Armour         | 1 |  1.0
Dodging        | |  2.1
Stealth        | |  0.7

Action                     |  1- 3 |  4- 6 || total
---------------------------+-------+-------++-------
   Fire: Shortbow          |    92 |    47 ||   139
         Orcbow            |       |    18 ||    18
    Use: Scroll            |     1 |       ||     1
         Potion            |     1 |       ||     1
 Armour: Leather armour    |     9 |       ||     9
         Ring mail         |       |     7 ||     7
  Dodge: Dodged            |    18 |    11 ||    29

Table legend:
 A = Non-vault XP
 B = Vault XP
 C = Vault XP percentage of total XP
 D = Non-vault monster count
 E = Vault monster count
 F = Vault count percentage of total count
                 A         B        C        D         E       F
            +---------+---------+-------+---------+---------+-------
      Total |     155 |      12 |   7.2 |      50 |       8 |  13.8
            +---------+---------+-------+---------+---------+-------
        D:1 |      41 |      12 |  22.6 |      24 |       8 |  25.0
        D:2 |      99 |       0 |   0.0 |      19 |       0 |   0.0
        D:3 |      15 |       0 |   0.0 |       7 |       0 |   0.0
            +---------+---------+-------+---------+---------+-------
